 Dungeon Crawl Stone Soup version 0.19.0-11-g3fc08b3 (webtiles) character file.

216340 inmateoo the Shatterer (level 19, -10/205 HPs)
             Began as an Ogre Wanderer on Nov 8, 2016.
             Was an Elder of Cheibriados.
             Mangled by a white very ugly thing (39 damage)
             ... on level 2 of the Vaults.
             The game lasted 00:56:25 (31313 turns).

inmateoo the Shatterer (Ogre Wanderer)             Turns: 31313, Time: 00:56:27

Health: -10/205    AC: 12    Str: 36    XL:     19   Next: 5%
Magic:  13/31      EV: 14    Int: 21    God:    Cheibriados [****..]
Gold:   1435       SH: 27    Dex: 23    Spells: 6 memorised, 18 levels left

rFire  + . .     SeeInvis +     s - +3 morningstar (venom)
rCold  . . .     Gourm    .     F - +1 troll leather armour
rNeg   + . .     Faith    .     R - +2 large shield
rPois  +         Spirit   .     (helmet restricted)
rElec  .         Reflect  .     E - +0 cloak
rCorr  .         Harm     .     (gloves unavailable)
MR     +++..     NoTele   +     (boots unavailable)
Stlth  +++.......               (no amulet)
                                B - ring of see invisible
                                o - ring "Giecow" {-Tele rPois rF+ rN+ MR+}

@: very slow
A: unfitting armour, antennae 1, talons 1, icy blue scales 1, large bone plates
1, molten scales 1, camouflage 1, magic resistance 1, strong 1, tough skin 1
a: Bend Time, Temporal Distortion, Slouch, Renounce Religion
}: 1/15 runes: decaying


You were on level 2 of the Vaults.
You worshipped Cheibriados.
Cheibriados was greatly pleased with you.
You were hungry.

You visited 5 branches of the dungeon, and saw 29 of its levels.
You visited 1 bazaar.
You also visited: Bailey and Ice Cave.

You collected 2850 gold pieces.
You spent 1415 gold pieces at shops.

Inventory:

Hand Weapons
 s - a +3 morningstar of venom (weapon)
Missiles
 k - 14 javelins
 P - 7 large rocks (quivered)
Armour
 x - a +2 robe of resistance
 E - a +0 cloak (worn)
 F - a +1 troll leather armour (worn)
 R - a +2 large shield (worn)
Jewellery
 d - the ring "Tudynyv" {Fire +Inv rPois Dex-4}
   (You found it on level 9 of the Dungeon)

   [ring of fire]

   It enhances your fire magic.
   It affects your dexterity (-4).
   It protects you from fire.
   It makes you vulnerable to cold.
   It protects you from poison.
   It lets you turn invisible.
 h - an uncursed ring of poison resistance
 o - the ring "Giecow" (left hand) {-Tele rPois rF+ rN+ MR+}
   (You found it on level 6 of the Lair of Beasts)

   [ring of positive energy]

   It protects you from fire.
   It protects you from poison.
   It protects you from negative energy.
   It affects your resistance to hostile enchantments.
   It prevents most forms of teleportation.
 B - a ring of see invisible (right hand)
 U - an uncursed ring of ice
 V - an uncursed ring of wizardry
Wands
 b - a wand of lightning (9/15)
 l - a wand of acid (9/15)
 m - a wand of lightning (8/15)
 I - a wand of iceblast (5/15)
 O - a wand of disintegration (9/24)
 S - a wand of digging (8/24)
 T - a wand of paralysis (10/24)
Scrolls
 c - a scroll of amnesia
 e - 7 scrolls of fog
 i - 7 scrolls of teleportation
 n - 9 scrolls of remove curse
 q - 3 scrolls of fear
 t - a scroll of summoning
 y - 6 scrolls of recharging
 G - 2 scrolls of identify
 H - 2 scrolls of enchant armour
 N - a scroll of blinking
 X - 3 scrolls of magic mapping
Potions
 a - 2 potions of resistance
 f - 2 potions of magic
 j - 5 potions of flight
 p - a potion of heal wounds
 u - 11 potions of curing
 v - 3 potions of invisibility
 w - a potion of ambrosia
 C - 7 potions of brilliance
 D - 3 potions of lignification
 J - 2 potions of might
 M - a potion of cancellation
Miscellaneous
 L - a fan of gales
 Q - a phial of floods
 W - a sack of spiders
Comestibles
 g - 20 bread rations
 r - 9 beef jerkies
 z - 32 fruits
 A - 2 royal jellies
 K - 18 meat rations
 Y - a slice of pizza


   Skills:
 + Level 16.3 Fighting
 * Level 21.9 Maces & Flails
 + Level 2.3 Throwing
 - Level 8.0 Armour
 + Level 7.0 Dodging
 - Level 1.4 Stealth
 - Level 10.0 Shields
 + Level 8.6 Spellcasting
 - Level 6.2 Charms
 - Level 3.1 Necromancy
 * Level 6.1 Transmutations
   Level 1.0 Ice Magic
 * Level 5.6 Earth Magic
 + Level 13.5 Invocations


You had 18 spell levels left.
You knew the following spells:

 Your Spells              Type           Power        Failure   Level  Hunger
a - Regeneration          Chrm/Necr      ####......   12%         3    None
b - Song of Slaying       Chrm           #####...     3%          2    None
c - Statue Form           Tmut/Erth      ####.....    100%        6    ######.
d - Shroud of Golubria    Chrm/Tloc      ###.......   12%         2    None
e - Infusion              Chrm           ####         1%          1    None
f - Spectral Weapon       Hex/Chrm       ###.....     21%         3    None


Dungeon Overview and Level Annotations

Branches:
Dungeon (15/15)            Temple (0/1) D:4            Lair (6/6) D:9
  Swamp (4/4) Lair:4       Spider (0/4) Lair:4        Slime (0/5) Lair:6
    Orc (2/2) D:9             Elf (0/3) Orc:2        Vaults (2/5) D:13
 Depths (0/5) D:15
  Crypt: Vaults:2-3

Altars:
Cheibriados
Dithmenos
Makhleb
Qazlal
Ru
Trog
Yredelemnul
The Shining One
Jiyva

Shops:
D:8 *   D:11 [(?   D:15 [   Orc:2 (:(==

Portals:
Hell: Lair:6

Annotations:
D:7 1 runed door
D:8 exclusion: 2 doors
Lair:5 exclusion: 3 oklob plants


Innate Abilities, Weirdness & Mutations

You are too large for most types of armour.
You have tough skin. (AC +1)
You have a pair of small antennae on your head.
You have sharp toenails.
You are partially covered in icy blue scales. (AC +2)
You are partially covered in large bone plates. (SH +4)
You are partially covered in molten scales. (AC +2)
Your skin changes colour to match your surroundings (Stealth+).
You are resistant to hostile enchantments. (MR+)
Your muscles are strong. (Str +2)


Message History

You block the white very ugly thing's attack.
The cyan very ugly thing trunk-slaps you!
The cyan very ugly thing shocks you!!
* * * LOW HITPOINT WARNING * * *
Unknown command.
Unknown command.
You hit the cyan very ugly thing but do no damage.
The cyan very ugly thing is poisoned.
You claw the cyan very ugly thing, but do no damage.
The cyan very ugly thing is almost dead.
The cyan very ugly thing basks in the mutagenic energy from its kin and changes!
You block the cyan very ugly thing's attack.
Unknown command.
You closely miss the cyan very ugly thing.
You claw the cyan very ugly thing, but do no damage.
The cyan very ugly thing is almost dead.
The white very ugly thing pecks you!
* * * LOW HITPOINT WARNING * * *
The white very ugly thing freezes you!!!
You die...

.....'....# #.#.#
...#..#
.....#..#####.#.#
####..#
.....#..........# ####..
.....+..........# ......
##################......
..........))............
##############..........
# #..uu...... #
#..@u...... #
#..u....... #
#.......... +
#.....).... #
#.......... #..).......
#.......... #..........


You could see 4 very ugly things.

Vanquished Creatures
  Saint Roka (Orc:2)
  Rupert (D:13)
  Agnes (D:14)
  Donald (Swamp:2)
  2 vault wardens
  A ghoul (Vaults:1)
  8 ironheart preservers
  A very ugly thing (Swamp:2)
  An entropy weaver (Vaults:2)
  A deep elf annihilator (Vaults:1)
  A dire elephant (Lair:6)
  The ghost of Chiseanne the Fighter, a journeyman CeVM of Qazlal (Orc:2)
  2 yaktaur captains
  2 rakshasas
  Harold (D:11)
  A catoblepas (D:14)
  14 hydras
  5 ice dragons
  Erolcha (D:13)
  2 ghost crabs
  4 vault guards
  8 centaur warriors
  3 death knights
  12 alligators
  13 death yaks
  8 ogre magi
  A deep troll earth mage (Vaults:2)
  A deep troll shaman (Vaults:2)
  Urug (Orc:1)
  An orc high priest (Orc:2)
  6 spriggans
  Nergalle (Orc:1)
  5 deep elf knights (Vaults:1)
  Sonja (D:15)
  The ghost of Nicoed the Protected, a novice MiBe of Trog (D:8)
  A fire crab (shapeshifter) (Vaults:1)
  A sixfirhy (Lair:6)
  2 skeletal warriors (D:15)
  3 swamp dragons
  16 hill giants
  Pikel (D:6)
  7 wizards
  7 deep trolls
  A spriggan druid (Swamp:4)
  2 shambling mangroves
  4 deep elf archers
  3 ironbrand convokers
  A phantasmal warrior (D:15)
  2 necromancers
  7 orc knights
  A harpy (shapeshifter) (D:13)
  An orb spider (shapeshifter) (D:14)
  An orb spider (Lair:4)
  2 wolf spiders (Vaults:1)
  8 deep elf magi
  A fire giant zombie (Vaults:2)
  8 orc sorcerers
  9 cyclopes
  29 ugly things
  A manticore (shapeshifter) (Vaults:1)
  A black mamba (shapeshifter) (D:15)
  4 elephants (Lair:6)
  An ice statue (IceCv)
  A smoke demon (Lair:6)
  5 vault sentinels
  22 spiny frogs
  A centaur zombie (D:15)
  An orange demon (Lair:6)
  Psyche (D:9)
  6 black mambas
  A torpor snail (Lair:6)
  3 gargoyles
  10 yaktaurs
  3 kobold demonologists
  A rime drake (Lair:6)
  A hellwing (Lair:6)
  6 ice devils (Lair:6)
  5 komodo dragons
  18 freezing wraiths
  2 red devils (Lair:6)
  4 trolls
  A tengu conjurer (D:12)
  3 polar bears (Lair:6)
  8 tyrant leeches
  12 hornets
  6 bog bodies
  19 two-headed ogres
  A slime creature (shapeshifter) (Vaults:1)
  6 hippogriffs
  47 slime creatures
  3 human simulacra (Vaults:2)
  16 blink frogs
  4 redbacks
  3 shadows
  The ghost of inmateoo the Cudgeler, an amateur OgWn (D:4)
  49 yaks
  4 wraiths
  7 wyverns
  3 basilisks
  A hog (shapeshifter) (Vaults:1)
  A hungry ghost (D:12)
  A yaktaur simulacrum (Vaults:2)
  3 swamp worm simulacra (Swamp:4)
  22 vampire mosquitoes
  Grum (D:9)
  6 wargs
  A harpy simulacrum (D:15)
  4 mottled dragons
  12 swamp worms
  13 water moccasins
  A soldier ant (D:13)
  15 hydra simulacra (Swamp:4)
  Duvessa (D:7)
  10 porcupines
  5 swamp drakes
  6 sky beasts
  A black bear (shapeshifter) (D:13)
  32 orc warriors
  A black bear (D:8)
  10 ice beasts
  A necrophage (D:14)
  2 phantoms (D:7)
  A slave (D:6)
  20 wolves
  38 ogres
  17 centaurs
  14 crocodiles
  4 big kobolds
  13 bullfrogs
  A wyvern zombie (D:13)
  9 gnoll sergeants
  Dowan (D:7)
  4 scorpions
  9 killer bees
  2 howler monkeys
  4 vampire bats (Lair:4)
  5 wights (D:9)
  An electric eel (Lair:5)
  3 crimson imps
  5 draconian simulacra (IceCv)
  3 quasits
  A bullfrog zombie (D:7)
  28 orc priests
  6 hounds
  2 jellies
  4 centaur skeletons
  2 bullfrog skeletons
  6 gnoll shamans (Bailey)
  6 iguanas
  37 orc wizards
  4 troll simulacra (IceCv)
  9 worker ants
  2 polar bear simulacra (IceCv)
  A killer bee zombie (D:10)
  3 spriggan simulacra (IceCv)
  2 wolf simulacra (IceCv)
  2 centaur simulacra (IceCv)
  A hound zombie (D:6)
  17 gnolls
  2 howler monkey skeletons
  17 adders
  2 naga simulacra (IceCv)
  5 river rats (D:9)
  4 ogre simulacra (IceCv)
  6 shadow imps
  12 white imps (IceCv)
  2 oozes
  5 swamp drake simulacra (Swamp:4)
  3 adder zombies
  2 adder skeletons
  3 worms
  A dart slug (D:2)
  2 leopard geckos
  96 orcs
  4 giant cockroaches
  8 goblins
  9 hobgoblins
  13 jackals
  16 kobolds
  9 quokkas
  2 ball pythons
  12 bats
  4 frilled lizards
  A quokka zombie (D:6)
  7 rats
1207 creatures vanquished.

Vanquished Creatures (collateral kills)
  A centaur warrior (D:15)
  A hill giant (D:15)
  A hornet (D:15)
3 creatures vanquished.

Vanquished Creatures (others)
  2 slime creatures (Swamp:4)
  A swamp drake (Swamp:4)
  8 fungi
  11 plants
22 creatures vanquished.

Grand Total: 1232 creatures vanquished

Notes
Turn   | Place    | Note
-------+----------+-------------------------------------------
     0 | D:1      | inmateoo the Ogre Wanderer began the quest for the Orb.
     0 | D:1      | inmateoo set off with: a book of Battle, a potion of lignification, the Disquisition on Execration, a +0 robe, a +0 club, a +0 dagger, a bread ration
     0 | D:1      | Reached XP level 1. HP: 24/24 MP: 2/2
    83 | D:1      | Reached skill level 1 in Maces & Flails
   293 | D:1      | Reached skill level 2 in Maces & Flails
   341 | D:1      | Reached XP level 2. HP: 32/32 MP: 3/3
   514 | D:1      | Found a snail-covered altar of Cheibriados.
   524 | D:1      | Became a worshipper of Cheibriados the Contemplative
   882 | D:2      | Reached skill level 3 in Maces & Flails
   910 | D:2      | Reached XP level 3. HP: 27/39 MP: 4/4
  1124 | D:2      | Reached skill level 4 in Maces & Flails
  1435 | D:2      | Reached * piety under Cheibriados
  1435 | D:2      | Reached XP level 4. HP: 40/48 MP: 5/5
  1575 | D:2      | Reached skill level 5 in Maces & Flails
  2484 | D:3      | Reached XP level 5. HP: 51/54 MP: 6/6
  2573 | D:3      | Reached skill level 6 in Maces & Flails
  2594 | D:3      | Reached ** piety under Cheibriados
  3373 | D:4      | Reached skill level 7 in Maces & Flails
  3373 | D:4      | Reached XP level 6. HP: 13/63 MP: 7/7
  3377 | D:4      | Noticed inmateoo's ghost (amateur OgWn)
  3388 | D:5      | Entered Level 5 of the Dungeon
  3400 | D:5      | HP: 2/63 [shadow imp/nerve-wracking pain (12)]
  3583 | D:5      | Found a stormy altar of Qazlal.
  4277 | D:4      | Reached skill level 5 in Fighting
  4498 | D:4      | Reached *** piety under Cheibriados
  4511 | D:4      | Reached skill level 8 in Maces & Flails
  4721 | D:4      | Reached skill level 1 in Dodging
  4721 | D:4      | Reached XP level 7. HP: 59/72 MP: 8/8
  4847 | D:4      | Killed inmateoo's ghost
  5208 | D:4      | Found a staircase to the Ecumenical Temple.
  5368 | D:3      | Reached skill level 9 in Maces & Flails
  5466 | D:3      | HP: 1/74 [orc warrior/scimitar (15)]
  5472 | D:3      | Reached skill level 1 in Invocations
  5813 | D:3      | Reached XP level 8. HP: 57/83 MP: 9/9
  6460 | D:6      | Gained mutation: Your muscles are strong. (Str +2) [mutagenic meat]
  6461 | D:6      | Gained mutation: You possess an exceptional clarity of mind. [mutagenic meat]
  6462 | D:6      | Gained mutation: You are partially covered in large bone plates. (SH +4) [mutagenic meat]
  6688 | D:6      | Reached **** piety under Cheibriados
  6688 | D:6      | Reached skill level 10 in Maces & Flails
  6755 | D:6      | Found a bloodstained altar of Trog.
  6764 | D:6      | Found a basalt altar of Yredelemnul.
  6765 | D:6      | Found a snail-covered altar of Cheibriados.
  6767 | D:6      | Found a sacrificial altar of Ru.
  6887 | D:6      | Noticed Pikel
  7015 | D:6      | Killed Pikel
  7015 | D:6      | Reached skill level 1 in Shields
  7015 | D:6      | Reached XP level 9. HP: 81/93 MP: 11/11
  7229 | D:7      | Reached skill level 11 in Maces & Flails
  7270 | D:7      | Identified the Disquisition on Execration
  7272 | D:7      | Learned a level 1 spell: Infusion
  7277 | D:7      | Learned a level 2 spell: Song of Slaying
  7279 | D:7      | Learned a level 1 spell: Corona
  7282 | D:7      | Learned a level 2 spell: Shroud of Golubria
  7286 | D:7      | Learned a level 3 spell: Regeneration
  7333 | D:7      | Gained mutation: You are partially covered in icy blue scales. (AC +2) [potion of mutation]
  7333 | D:7      | Gained mutation: Your body sometimes deteriorates upon taking damage. [potion of mutation]
  7466 | D:7      | Found a runed door.
  7474 | D:7      | Noticed a sixfirhy
  7572 | D:7      | Noticed Duvessa
  7573 | D:7      | Noticed Dowan
  7583 | D:7      | Killed Duvessa
  7590 | D:7      | Killed Dowan
  7784 | D:7      | Gained mutation: Your skin changes colour to match your surroundings (Stealth+). [mutagenic meat]
  7785 | D:7      | Gained mutation: You have a pair of small antennae on your head. [mutagenic meat]
  7787 | D:7      | Lost mutation: You possess an exceptional clarity of mind. [mutagenic meat]
  7788 | D:7      | Lost mutation: Your body sometimes deteriorates upon taking damage. [mutagenic meat]
  8037 | D:8      | Noticed Nicoed's ghost (novice MiBe)
  8078 | D:8      | Gained mutation: You are partially covered in molten scales. (AC +2) [mutagenic meat]
  8080 | D:8      | Gained mutation: You are resistant to hostile enchantments. (MR+) [mutagenic meat]
  8112 | D:8      | Reached skill level 5 in Invocations
  8120 | D:8      | Reached ***** piety under Cheibriados
  8143 | D:8      | Found Kuithrad's General Store.
  8164 | D:8      | Reached skill level 12 in Maces & Flails
  8173 | D:8      | Bought a scroll of teleportation for 30 gold pieces
  8248 | D:8      | Reached XP level 10. HP: 71/106 MP: 13/13
  8424 | D:8      | Noticed Grum
  8436 | D:9      | Found a staircase to the Orcish Mines.
  8440 | D:9      | Killed Grum
  8705 | D:9      | Noticed Psyche
  8710 | D:9      | Killed Psyche
  9086 | D:9      | Reached skill level 1 in Armour
  9199 | D:8      | Killed Nicoed's ghost
  9199 | D:8      | Reached skill level 13 in Maces & Flails
  9742 | D:9      | Found a staircase to the Lair.
  9783 | D:9      | Got a slimy ivory ring
  9811 | D:9      | Identified the ring "Tudynyv" {Fire +Inv rPois Dex-4} (You found it on level 9 of the Dungeon)
  9967 | D:10     | Entered Level 10 of the Dungeon
  9977 | D:10     | Noticed a hill giant
  9987 | D:10     | Killed a hill giant
  9987 | D:10     | Reached XP level 11. HP: 105/117 MP: 17/17
 10194 | D:10     | Noticed a hill giant
 10207 | D:10     | Killed a hill giant
 10207 | D:10     | Reached skill level 10 in Fighting
 10281 | D:10     | Noticed a cyclops
 10293 | D:10     | Killed a cyclops
 10293 | D:10     | Reached skill level 14 in Maces & Flails
 10293 | D:10     | Reached skill level 5 in Spellcasting
 10460 | D:10     | Noticed a red ugly thing
 10468 | D:10     | Killed a red ugly thing
 10936 | D:11     | Noticed a five-headed hydra
 10941 | D:11     | Killed a five-headed hydra
 11004 | D:11     | Noticed Harold
 11018 | D:11     | Killed Harold
 11022 | D:11     | Found Waqaf's Antique Weapon Shop.
 11090 | D:11     | Found Nux Kea's Magic Scroll Boutique.
 11202 | D:11     | Found a flickering gateway to a bazaar.
 11208 | Bazaar   | Entered a bazaar
 11208 | Bazaar   | Found Beukhanli's Magic Scroll Shoppe.
 11208 | Bazaar   | Found Xeso's Gadget Shoppe.
 11208 | Bazaar   | Found Poidyzyd's Antique Weapon Boutique.
 11237 | Bazaar   | Found Ohenog's General Store.
 11238 | Bazaar   | Found Maroofik's Antique Armour Emporium.
 11253 | Bazaar   | Bought a cloak for 90 gold pieces
 11283 | Bazaar   | Bought a scroll of identify for 36 gold pieces
 11283 | Bazaar   | Bought a scroll of identify for 36 gold pieces
 11283 | Bazaar   | Bought a scroll of enchant armour for 135 gold pieces
 11283 | Bazaar   | Bought a scroll of identify for 36 gold pieces
 11306 | Bazaar   | Bought a scroll of recharging for 142 gold pieces
 11306 | Bazaar   | Bought a scroll of fog for 30 gold pieces
 11361 | D:11     | Noticed a deep elf mage
 11367 | D:11     | Killed a deep elf mage
 11367 | D:11     | Reached skill level 15 in Maces & Flails
 11438 | D:11     | Noticed a hill giant
 11444 | D:11     | Reached XP level 12. HP: 110/130 MP: 21/21
 11553 | D:11     | Found Seycw's Armour Emporium.
 12006 | D:12     | Found a flagged portal.
 12023 | Bailey   | Entered a bailey
 12499 | D:12     | Reached skill level 16 in Maces & Flails
 12536 | D:12     | Reached ****** piety under Cheibriados
 12557 | D:12     | Reached skill level 5 in Armour
 12907 | D:12     | Got a transparent mace {vamp}
 12909 | D:12     | Identified the +1 mace of Execution {vamp, *Noise +Rage Int+5} (You took it off a tengu conjurer on level 12 of the Dungeon)
 12916 | D:12     | Learned a level 3 spell: Spectral Weapon
 13173 | D:13     | Reached XP level 13. HP: 140/140 MP: 7/22
 13417 | D:13     | Reached skill level 17 in Maces & Flails
 13663 | D:13     | Noticed Erolcha
 13672 | D:13     | Killed Erolcha
 13934 | D:13     | Noticed Rupert
 13938 | D:13     | Gained mutation: You have sharp toenails. [potion of beneficial mutation]
 13954 | D:13     | Killed Rupert
 14106 | D:13     | Noticed a vault guard
 14112 | D:13     | Killed a vault guard
 14119 | D:13     | Found a gate to the Vaults.
 14308 | D:14     | Found a glowing golden altar of the Shining One.
 14339 | D:14     | Reached skill level 5 in Charms
 14459 | D:14     | Reached skill level 10 in Invocations
 14498 | D:14     | Reached skill level 18 in Maces & Flails
 14679 | D:14     | Reached XP level 14. HP: 153/153 MP: 23/23
 15078 | D:14     | Noticed Agnes
 15084 | D:14     | Killed Agnes
 15326 | D:15     | Entered Level 15 of the Dungeon
 15326 | D:15     | Noticed Sonja
 15349 | D:15     | Killed Sonja
 15383 | D:15     | Found Dueblyull's Armour Emporium.
 15695 | D:15     | Found a shadowy altar of Dithmenos.
 15909 | D:15     | Reached skill level 19 in Maces & Flails
 16076 | D:15     | Found a staircase to the Depths.
 16368 | D:15     | Paralysed by a hornet for 3 turns
 16745 | Lair:1   | Entered Level 1 of the Lair of Beasts
 17220 | Lair:1   | Reached XP level 15. HP: 127/163 MP: 24/24
 17497 | Lair:2   | Found a frozen archway.
 17518 | IceCv    | Entered an ice cave
 17818 | IceCv    | Found an ancient bone altar of Kikubaaqudgha.
 18466 | Lair:2   | Reached skill level 5 in Shields
 19350 | Lair:3   | Reached skill level 1 in Necromancy
 20074 | Lair:4   | Found a hole to the Spider Nest.
 20323 | Lair:4   | Found a staircase to the Swamp.
 21616 | Lair:6   | Entered Level 6 of the Lair of Beasts
 21917 | Lair:6   | Reached skill level 20 in Maces & Flails
 22335 | Lair:6   | Reached XP level 16. HP: 169/174 MP: 25/25
 22717 | Lair:6   | Found a viscous altar of Jiyva.
 22717 | Lair:6   | Found a staircase to the Slime Pits.
 23001 | Lair:6   | Found a burning altar of Makhleb.
 23007 | Lair:6   | Reached skill level 15 in Fighting
 23010 | Lair:6   | Found a gateway to Hell.
 23018 | Lair:6   | Got a scintillating marble ring
 23022 | Lair:6   | Identified the ring "Giecow" {-Tele rPois rF+ rN+ MR+} (You found it on level 6 of the Lair of Beasts)
 23336 | Orc:1    | Entered Level 1 of the Orcish Mines
 23426 | Orc:2    | Entered Level 2 of the Orcish Mines
 23803 | Orc:2    | Found Wioc Hyn's Jewellery Boutique.
 23803 | Orc:2    | Found Moxtur's Jewellery Boutique.
 23804 | Orc:2    | Found Safur's Weapon Shop.
 23808 | Orc:2    | Found Uklul's Book Shop.
 23814 | Orc:2    | Bought a book of Transfigurations for 880 gold pieces
 23821 | Orc:2    | Learned a level 6 spell: Statue Form
 23923 | Orc:2    | Found a staircase to the Elven Halls.
 23946 | Orc:2    | Found Gian's Weapon Shoppe.
 23991 | Orc:2    | Noticed Chiseanne's ghost (journeyman CeVM)
 24005 | Orc:2    | Killed Chiseanne's ghost
 24049 | Orc:2    | Found a bloodstained altar of Trog.
 24050 | Orc:2    | Noticed Saint Roka
 24067 | Orc:2    | Killed Saint Roka
 24067 | Orc:2    | Reached skill level 1 in Earth Magic
 24264 | Orc:1    | Reached skill level 1 in Transmutations
 24323 | Orc:1    | Noticed Urug
 24333 | Orc:1    | Killed Urug
 24522 | Orc:1    | Noticed Nergalle
 24528 | Orc:1    | Killed Nergalle
 24622 | Orc:2    | Reached skill level 5 in Dodging
 24772 | Swamp:1  | Entered Level 1 of the Swamp
 25569 | Swamp:2  | Reached XP level 17. HP: 157/184 MP: 26/26
 25631 | Swamp:2  | Noticed Donald
 25637 | Swamp:2  | Killed Donald
 26426 | Swamp:3  | Reached skill level 21 in Maces & Flails
 26913 | Swamp:4  | Entered Level 4 of the Swamp
 27828 | Swamp:4  | HP: 5/185 [seven-headed hydra simulacrum (8)]
 28302 | Swamp:4  | Got a decaying rune of Zot
 28653 | Vaults:1 | Entered Level 1 of the Vaults
 28956 | Vaults:1 | Reached XP level 18. HP: 76/196 MP: 19/29
 29816 | Vaults:1 | Reached skill level 5 in Transmutations
 29822 | Vaults:1 | Reached skill level 10 in Shields
 29909 | Vaults:1 | Reached skill level 5 in Earth Magic
 30520 | Vaults:2 | Reached skill level 1 in Throwing
 31291 | Vaults:2 | Reached XP level 19. HP: 172/204 MP: 31/31
 31313 | Vaults:2 | Mangled by a white very ugly thing

Skill      XL: |  1  2  3  4  5  6  7  8  9 10 11 12 13 14 15 16 17 18 |
---------------+-------------------------------------------------------+-----
Maces & Flails | 2 3 4 5 7 8 9 10 12 13 15 16 18 19 20 21 | 21.9
Fighting       | 5 6 7 8 9 11 12 13 14 15 16 | 16.3
Dodging        | 1 2 3 5 6 7 |  7.0
Invocations    | 1 3 5 6 7 9 10 11 12 13 | 13.5
Shields        | 1 3 4 6 8 9 10 | 10.0
Spellcasting   | 2 4 6 7 8 |  8.6
Armour         | 2 4 5 6 7 8 |  8.0
Charms         | 4 5 6 |  6.2
Necromancy     | 2 3 |  3.1
Earth Magic    | 2 4 5 |  5.6
Transmutations | 2 4 6 |  6.1
Throwing       | 2 |  2.3
Stealth        | |  1.4
Ice Magic      | |  1.0

Action                   |  1- 3 |  4- 6 |  7- 9 | 10-12 | 13-15 | 16-18 | 19-21 || total
-------------------------+-------+-------+-------+-------+-------+-------+-------++-------
Melee: Club              |   129 |   244 |       |       |       |       |       ||   373
       Whip              |       |   125 |       |       |       |       |       ||   125
       Morningstar       |       |    17 |   281 |   488 |  1067 |  1580 |    11 ||  3444
       Kick              |       |       |       |       |   518 |   904 |     5 ||  1427
Throw: Javelin           |     3 |       |     5 |     2 |       |    16 |       ||    26
       Large rock        |       |       |       |       |       |     2 |       ||     2
 Cast: Infusion          |       |       |       |       |     1 |     1 |       ||     2
       Regeneration      |       |       |       |       |       |     1 |       ||     1
Invok: Slouch            |       |       |       |    15 |    13 |    24 |     4 ||    56
Evoke: Wand              |       |       |       |       |     8 |       |       ||     8
  Use: Potion            |     1 |     2 |     5 |     1 |     2 |     5 |       ||    16
       Scroll            |     4 |     5 |     5 |    11 |    11 |     8 |       ||    44
 Stab: Sleeping          |     2 |     2 |     8 |    13 |    18 |    13 |       ||    56
       Invisible         |       |       |     3 |       |       |       |       ||     3
       Distracted        |       |       |     2 |     4 |     4 |     2 |       ||    12
       Paralysed         |       |       |       |       |     1 |       |       ||     1
  Eat: Chunk             |     2 |     5 |    19 |     9 |    14 |    13 |       ||    62
       Pizza             |       |       |       |     2 |     2 |     1 |       ||     5
       Fruit             |       |       |       |       |     1 |     1 |       ||     2
       Beef jerky        |       |       |       |       |     1 |     4 |       ||     5
       Royal jelly       |       |       |       |       |       |     1 |       ||     1
Armor: Robe              |    71 |    96 |    56 |    23 |    25 |       |       ||   271
       Skin              |    17 |       |       |       |       |       |       ||    17
       Troll leather arm |       |       |       |    64 |   186 |   198 |       ||   448
       Swamp dragon scal |       |       |       |       |       |     2 |       ||     2
Dodge: Dodged            |    81 |   160 |    85 |    77 |   202 |   323 |     5 ||   933
Block: Large shield      |       |       |   104 |   544 |  1177 |  1745 |    13 ||  3583
       Other             |       |       |     4 |       |       |       |       ||     4
